[ PARTIDA AOE2 · #469701207 ]
Team RMMongoles vs Huns
[ ANÁLISIS DE REPETICIÓN · EXTRAÍDO DE LA PARTIDA GRABADA ]
Feudal
10:57
Castillos
20:30
Imperial
29:35
| APM promedio | 18.3 |
| APM pico | 62 |
| eAPM promedio | 13.1 |
| Aldeanos / militares | 75 / 279 |
Foco
⚔️ 56.8% · 🌾 43.2%
Camel Scout ×132 · Mangudai ×96 · Scout Cavalry ×40 · Trade Cart ×14 · Trebuchet (Packed) ×8 · Monk ×3
Feudal
12:30
Castillos
21:51
Imperial
38:29
| APM promedio | 21.1 |
| APM pico | 71 |
| eAPM promedio | 16.2 |
| Aldeanos / militares | 128 / 368 |
Foco
⚔️ 46.7% · 🌾 53.3%
Tarkan ×184 · Spearman ×173 · Trade Cart ×18 · Militia ×8 · Monk ×3
Feudal
12:03
Castillos
21:19
Imperial
43:14
| APM promedio | 13.1 |
| APM pico | 45 |
| eAPM promedio | 11.4 |
| Aldeanos / militares | 68 / 363 |
Foco
⚔️ 58.1% · 🌾 41.9%
Scorpion ×101 · Spearman ×93 · Centurion ×83 · Militia ×74 · Trade Cart ×20 · Trebuchet (Packed) ×10
Feudal
11:50
Castillos
16:29
Imperial
30:20
| APM promedio | 29.0 |
| APM pico | 59 |
| eAPM promedio | 21.6 |
| Aldeanos / militares | 139 / 815 |
Foco
⚔️ 39.6% · 🌾 60.4%
Skirmisher ×302 · Spearman ×284 · Knight ×216 · Trebuchet (Packed) ×10 · Trade Cart ×9 · Monk ×1
Feudal
11:36
Castillos
19:51
Imperial
33:43
| APM promedio | 13.7 |
| APM pico | 29 |
| eAPM promedio | 10.4 |
| Aldeanos / militares | 57 / 22 |
Foco
⚔️ 56.0% · 🌾 44.0%
Unknown (2586) ×235 · Monk ×9 · Battering Ram ×6 · Trade Cart ×5 · Scorpion ×4 · Trebuchet (Packed) ×3
Feudal
11:35
Castillos
23:49
Imperial
—
| APM promedio | 12.0 |
| APM pico | 77 |
| eAPM promedio | 5.7 |
| Aldeanos / militares | 51 / 29 |
Foco
⚔️ 14.4% · 🌾 85.6%
Spearman ×18 · Archer ×7 · Longbowman ×4
Mapa de la partida
Recursos al inicio + cada clic de construcción. Línea gruesa = muro · recuadro discontinuo = muro de casas detectado. 🟡 oro · ⚪ piedra · 🟢 bayas · 🔶 jabalí · ⭕ reliquia
Inputs por minuto
— TackierMold36 - - L Y N C H E S
Build order — TackierMold36
Primeras 150 de 496 acciones detectadas
| 0:03 | Construir | House |
| 0:05 | Construir | House |
| 0:06 | Crear | Villager (Male) |
| 0:06 | Crear | Villager (Male) |
| 0:06 | Crear | Villager (Male) |
| 0:08 | Crear | Villager (Male) |
| 0:33 | Construir | Palisade Wall |
| 1:48 | Crear | Villager (Male) |
| 2:22 | Crear | Villager (Male) |
| 2:22 | Crear | Villager (Male) |
| 2:56 | Crear | Villager (Male) |
| 3:04 | Construir | Lumber Camp |
| 3:24 | Crear | Villager (Male) |
| 3:25 | Crear | Villager (Male) |
| 3:34 | Construir | House |
| 4:19 | Crear | Villager (Male) |
| 4:21 | Crear | Villager (Male) |
| 4:23 | Crear | Villager (Male) |
| 5:12 | Construir | House |
| 5:19 | Crear | Villager (Male) |
| 5:20 | Crear | Villager (Male) |
| 6:23 | Crear | Villager (Male) |
| 6:23 | Crear | Villager (Male) |
| 7:05 | Crear | Villager (Male) |
| 7:05 | Crear | Villager (Male) |
| 7:17 | Crear | Villager (Male) |
| 7:36 | Construir | Mill |
| 8:37 | Crear | Villager (Male) |
| 8:48 | Investigar | Feudal Age |
| 9:03 | Construir | Mining Camp |
| 9:19 | Construir | Mining Camp |
| 10:13 | Construir | Mill |
| 10:16 | Crear | Villager (Male) |
| 10:17 | Crear | Villager (Male) |
| 10:57 | Edad | Edad Feudal |
| 11:01 | Construir | House |
| 11:02 | Construir | House |
| 11:08 | Crear | Villager (Male) |
| 11:14 | Investigar | Double-Bit Axe |
| 11:16 | Investigar | Horse Collar |
| 11:35 | Crear | Villager (Male) |
| 11:38 | Crear | Villager (Male) |
| 12:03 | Crear | Villager (Male) |
| 12:35 | Construir | Stone Wall |
| 13:03 | Crear | Villager (Male) |
| 13:12 | Construir | Farm |
| 13:33 | Construir | Farm |
| 13:36 | Crear | Villager (Male) |
| 13:52 | Crear | Villager (Male) |
| 13:55 | Construir | Farm |
| 14:17 | Construir | Building 490 |
| 14:23 | Crear | Villager (Male) |
| 14:27 | Construir | Farm |
| 14:33 | Construir | Farm |
| 14:34 | Construir | Farm |
| 14:36 | Construir | Farm |
| 14:37 | Construir | Farm |
| 14:40 | Construir | Farm |
| 15:04 | Construir | Market |
| 15:19 | Crear | Villager (Male) |
| 15:20 | Crear | Villager (Male) |
| 15:37 | Construir | House |
| 15:38 | Construir | House |
| 15:39 | Construir | House |
| 15:41 | Construir | House |
| 15:43 | Construir | House |
| 15:50 | Crear | Villager (Male) |
| 16:19 | Crear | Villager (Male) |
| 16:23 | Construir | Farm |
| 16:45 | Construir | Blacksmith |
| 17:25 | Crear | Villager (Male) |
| 17:38 | Investigar | Castle Age |
| 18:12 | Construir | Farm |
| 18:42 | Construir | Farm |
| 18:44 | Construir | Farm |
| 18:47 | Construir | Farm |
| 18:52 | Construir | Farm |
| 18:55 | Construir | Farm |
| 19:37 | Crear | Trade Cart |
| 19:44 | Crear | Trade Cart |
| 19:53 | Crear | Villager (Male) |
| 19:53 | Crear | Villager (Male) |
| 20:18 | Investigar | Stone Mining |
| 20:30 | Edad | Edad de los Castillos |
| 20:34 | Crear | Villager (Male) |
| 21:05 | Construir | Town Center |
| 21:12 | Crear | Villager (Male) |
| 21:34 | Construir | Monastery |
| 21:37 | Crear | Trade Cart |
| 21:42 | Crear | Trade Cart |
| 21:48 | Investigar | Gold Mining |
| 21:54 | Crear | Villager (Male) |
| 22:27 | Crear | Villager (Male) |
| 22:45 | Crear | Villager (Male) |
| 22:58 | Crear | Trade Cart |
| 23:04 | Construir | Farm |
| 23:05 | Crear | Villager (Male) |
| 23:06 | Crear | Villager (Male) |
| 23:06 | Crear | Villager (Male) |
| 23:09 | Crear | Villager (Male) |
| 23:31 | Construir | Castle |
| 23:44 | Construir | Castle |
| 23:56 | Crear | Villager (Male) |
| 24:07 | Crear | Monk |
| 24:11 | Crear | Trade Cart |
| 24:13 | Crear | Trade Cart |
| 24:20 | Crear | Villager (Male) |
| 24:20 | Crear | Villager (Male) |
| 24:28 | Crear | Villager (Male) |
| 24:46 | Construir | Barracks |
| 24:52 | Construir | Farm |
| 24:59 | Crear | Villager (Male) |
| 25:01 | Crear | Villager (Male) |
| 25:02 | Crear | Villager (Male) |
| 25:15 | Construir | Lumber Camp |
| 25:24 | Construir | Farm |
| 25:37 | Crear | Villager (Male) |
| 25:37 | Crear | Villager (Male) |
| 25:37 | Crear | Villager (Male) |
| 25:39 | Crear | Villager (Male) |
| 25:40 | Crear | Villager (Male) |
| 25:40 | Crear | Villager (Male) |
| 25:44 | Construir | Farm |
| 26:12 | Crear | Villager (Male) |
| 26:19 | Investigar | Imperial Age |
| 26:32 | Construir | Archery Range |
| 26:44 | Crear | Mangudai |
| 26:53 | Crear | Mangudai |
| 27:03 | Investigar | Heavy Plow |
| 27:21 | Investigar | Wheelbarrow |
| 27:34 | Investigar | Fletching |
| 27:43 | Construir | Stable |
| 27:54 | Investigar | Bow Saw |
| 28:11 | Investigar | Stone Shaft Mining |
| 28:18 | Crear | Trade Cart |
| 28:53 | Construir | Stable |
| 29:04 | Crear | Villager (Male) |
| 29:04 | Crear | Villager (Male) |
| 29:22 | Investigar | Bodkin Arrow |
| 29:34 | Construir | University |
| 29:35 | Edad | Edad Imperial |
| 29:41 | Crear | Scout Cavalry |
| 29:43 | Crear | Scout Cavalry |
| 29:46 | Investigar | Light Cavalry (upgrade) |
| 29:48 | Investigar | Bloodlines |
| 29:51 | Investigar | Husbandry |
| 30:00 | Construir | Stable |
| 30:05 | Investigar | Padded Archer Armor |
| 30:12 | Crear | Mangudai |
| 30:27 | Construir | Mining Camp |
Build order — L Y N C H E S
Primeras 150 de 685 acciones detectadas
| 0:05 | Crear | Villager (Male) |
| 0:05 | Crear | Villager (Male) |
| 0:06 | Crear | Villager (Male) |
| 0:06 | Crear | Villager (Male) |
| 0:06 | Crear | Villager (Male) |
| 1:52 | Construir | Palisade Wall |
| 1:57 | Crear | Villager (Male) |
| 2:11 | Crear | Villager (Male) |
| 2:56 | Construir | Outpost |
| 3:00 | Crear | Villager (Male) |
| 3:39 | Crear | Villager (Male) |
| 3:39 | Crear | Villager (Male) |
| 3:40 | Crear | Villager (Male) |
| 4:24 | Crear | Villager (Male) |
| 4:24 | Crear | Villager (Male) |
| 4:32 | Crear | Villager (Male) |
| 4:41 | Crear | Villager (Male) |
| 4:59 | Crear | Villager (Male) |
| 5:49 | Crear | Villager (Male) |
| 5:50 | Crear | Villager (Male) |
| 6:23 | Crear | Villager (Male) |
| 6:34 | Construir | Mill |
| 6:47 | Crear | Villager (Male) |
| 6:48 | Crear | Villager (Male) |
| 6:49 | Crear | Villager (Male) |
| 7:31 | Crear | Villager (Male) |
| 8:13 | Construir | Mining Camp |
| 8:22 | Construir | Mining Camp |
| 8:28 | Crear | Villager (Male) |
| 9:03 | Crear | Villager (Male) |
| 9:21 | Crear | Villager (Male) |
| 9:30 | Crear | Villager (Male) |
| 9:41 | Crear | Villager (Male) |
| 9:50 | Crear | Villager (Male) |
| 9:59 | Investigar | Feudal Age |
| 10:00 | Crear | Villager (Male) |
| 10:00 | Crear | Villager (Male) |
| 10:21 | Construir | Lumber Camp |
| 11:05 | Crear | Villager (Male) |
| 11:31 | Crear | Villager (Male) |
| 12:13 | Construir | Barracks |
| 12:25 | Crear | Villager (Male) |
| 12:25 | Crear | Villager (Male) |
| 12:30 | Edad | Edad Feudal |
| 12:48 | Construir | Stone Wall |
| 12:55 | Construir | Building 490 |
| 13:17 | Crear | Villager (Male) |
| 13:18 | Investigar | Wheelbarrow |
| 13:22 | Crear | Villager (Male) |
| 13:22 | Crear | Villager (Male) |
| 13:22 | Crear | Villager (Male) |
| 13:26 | Investigar | Wheelbarrow |
| 14:03 | Construir | Market |
| 14:07 | Construir | Market |
| 14:26 | Construir | Blacksmith |
| 14:29 | Investigar | Horse Collar |
| 14:31 | Investigar | Double-Bit Axe |
| 14:34 | Investigar | Gold Mining |
| 14:50 | Crear | Villager (Male) |
| 14:50 | Crear | Villager (Male) |
| 15:06 | Construir | Market |
| 15:26 | Crear | Villager (Male) |
| 15:33 | Construir | Farm |
| 15:34 | Construir | Farm |
| 15:35 | Construir | Farm |
| 15:38 | Construir | Farm |
| 15:45 | Construir | Farm |
| 15:47 | Construir | Farm |
| 15:50 | Construir | Farm |
| 16:04 | Construir | Farm |
| 16:08 | Construir | Farm |
| 16:13 | Crear | Villager (Male) |
| 16:28 | Construir | Farm |
| 16:42 | Construir | Farm |
| 16:45 | Construir | Farm |
| 16:57 | Construir | Farm |
| 17:12 | Construir | Farm |
| 17:19 | Construir | Farm |
| 17:27 | Construir | Farm |
| 17:37 | Crear | Villager (Male) |
| 17:40 | Crear | Villager (Male) |
| 17:50 | Crear | Villager (Male) |
| 18:06 | Construir | Farm |
| 18:11 | Construir | Farm |
| 18:22 | Construir | Farm |
| 18:30 | Crear | Villager (Male) |
| 18:37 | Crear | Villager (Male) |
| 19:10 | Investigar | Castle Age |
| 19:11 | Crear | Villager (Male) |
| 19:14 | Crear | Villager (Male) |
| 20:01 | Construir | Mining Camp |
| 20:19 | Investigar | Stone Mining |
| 21:02 | Crear | Villager (Male) |
| 21:02 | Crear | Villager (Male) |
| 21:02 | Crear | Villager (Male) |
| 21:17 | Construir | Farm |
| 21:20 | Construir | Farm |
| 21:21 | Construir | Farm |
| 21:22 | Construir | Farm |
| 21:24 | Construir | Farm |
| 21:25 | Construir | Farm |
| 21:26 | Construir | Farm |
| 21:28 | Construir | Farm |
| 21:31 | Construir | Farm |
| 21:33 | Construir | Farm |
| 21:37 | Crear | Villager (Male) |
| 21:51 | Edad | Edad de los Castillos |
| 21:58 | Construir | Town Center |
| 22:14 | Construir | Town Center |
| 22:38 | Construir | Stone Wall |
| 22:55 | Construir | Building 490 |
| 22:58 | Crear | Villager (Male) |
| 22:58 | Crear | Villager (Male) |
| 22:58 | Crear | Villager (Male) |
| 22:59 | Crear | Villager (Male) |
| 22:59 | Crear | Villager (Male) |
| 22:59 | Crear | Villager (Male) |
| 22:59 | Crear | Villager (Male) |
| 23:01 | Crear | Villager (Male) |
| 23:05 | Investigar | Hand Cart |
| 23:13 | Investigar | Bow Saw |
| 23:15 | Investigar | Gold Shaft Mining |
| 23:36 | Crear | Villager (Male) |
| 23:37 | Crear | Villager (Male) |
| 23:37 | Crear | Villager (Male) |
| 23:37 | Crear | Villager (Male) |
| 23:37 | Crear | Villager (Male) |
| 23:47 | Investigar | Town Watch |
| 23:59 | Crear | Villager (Male) |
| 23:59 | Crear | Villager (Male) |
| 23:59 | Crear | Villager (Male) |
| 24:04 | Crear | Villager (Male) |
| 24:22 | Investigar | Heavy Plow |
| 24:54 | Construir | Stone Wall |
| 24:59 | Construir | Building 490 |
| 25:04 | Investigar | Squires |
| 25:07 | Investigar | Forging |
| 25:09 | Investigar | Fletching |
| 25:15 | Crear | Villager (Male) |
| 25:15 | Crear | Villager (Male) |
| 25:15 | Crear | Villager (Male) |
| 25:15 | Crear | Villager (Male) |
| 25:44 | Construir | Monastery |
| 25:49 | Construir | University |
| 25:54 | Crear | Villager (Male) |
| 26:12 | Investigar | Pikeman (upgrade) |
| 26:12 | Investigar | Man-at-Arms (upgrade) |
| 26:15 | Investigar | Scale Barding Armor |
| 26:40 | Crear | Monk |
| 26:43 | Crear | Monk |
Build order — paluncic
Primeras 150 de 574 acciones detectadas
| 0:10 | Construir | House |
| 0:21 | Construir | House |
| 0:33 | Crear | Villager (Male) ×4 |
| 2:13 | Crear | Villager (Male) |
| 2:13 | Crear | Villager (Male) |
| 2:59 | Crear | Villager (Male) |
| 2:59 | Crear | Villager (Male) |
| 3:14 | Crear | Villager (Male) |
| 4:24 | Crear | Villager (Male) |
| 4:37 | Construir | House |
| 4:43 | Construir | House |
| 4:56 | Construir | Lumber Camp |
| 5:06 | Crear | Villager (Male) |
| 5:07 | Crear | Villager (Male) |
| 5:42 | Crear | Villager (Male) |
| 5:43 | Crear | Villager (Male) |
| 5:43 | Crear | Villager (Male) |
| 5:44 | Crear | Villager (Male) |
| 5:45 | Crear | Villager (Male) |
| 6:06 | Crear | Villager (Male) |
| 6:21 | Crear | Villager (Male) |
| 6:21 | Crear | Villager (Male) |
| 6:51 | Crear | Villager (Male) |
| 6:55 | Crear | Villager (Male) |
| 7:35 | Construir | Mill |
| 9:38 | Investigar | Feudal Age |
| 9:43 | Construir | Farm |
| 9:43 | Construir | Farm |
| 9:44 | Construir | Farm |
| 9:44 | Construir | Farm |
| 9:44 | Construir | Farm |
| 9:45 | Construir | Farm |
| 9:45 | Construir | Farm |
| 10:07 | Crear | Villager (Male) |
| 10:07 | Crear | Villager (Male) |
| 10:07 | Crear | Villager (Male) |
| 10:39 | Construir | Mining Camp |
| 11:16 | Construir | House |
| 11:21 | Construir | House |
| 11:29 | Construir | House |
| 11:32 | Construir | House |
| 11:32 | Construir | House |
| 11:32 | Construir | House |
| 12:03 | Edad | Edad Feudal |
| 12:08 | Construir | Farm |
| 12:08 | Construir | Farm |
| 12:09 | Construir | Farm |
| 12:09 | Construir | Farm |
| 12:09 | Construir | Farm |
| 12:09 | Construir | Farm |
| 12:10 | Construir | Farm |
| 12:15 | Crear | Villager (Male) |
| 12:15 | Crear | Villager (Male) |
| 12:16 | Crear | Villager (Male) |
| 12:16 | Crear | Villager (Male) |
| 12:30 | Construir | Farm |
| 12:30 | Construir | Farm |
| 12:31 | Construir | Farm |
| 12:31 | Construir | Farm |
| 13:22 | Investigar | Horse Collar |
| 14:17 | Construir | Mill |
| 14:22 | Crear | Villager (Male) |
| 14:23 | Crear | Villager (Male) |
| 14:23 | Crear | Villager (Male) |
| 14:50 | Crear | Villager (Male) |
| 14:51 | Crear | Villager (Male) |
| 14:51 | Crear | Villager (Male) |
| 14:51 | Crear | Villager (Male) |
| 15:01 | Investigar | Double-Bit Axe |
| 15:46 | Construir | Market |
| 17:17 | Construir | Blacksmith |
| 17:31 | Construir | House |
| 17:31 | Construir | House |
| 17:32 | Construir | House |
| 17:32 | Construir | House |
| 17:33 | Construir | House |
| 17:41 | Construir | Barracks |
| 17:58 | Construir | Lumber Camp |
| 18:19 | Construir | Barracks |
| 18:28 | Construir | Lumber Camp |
| 18:39 | Investigar | Castle Age |
| 19:01 | Construir | Mining Camp |
| 19:08 | Crear | Villager (Male) |
| 19:09 | Crear | Villager (Male) |
| 19:09 | Crear | Villager (Male) |
| 19:10 | Crear | Villager (Male) |
| 19:10 | Crear | Villager (Male) |
| 19:10 | Crear | Villager (Male) |
| 19:10 | Crear | Villager (Male) |
| 19:11 | Crear | Villager (Male) |
| 19:36 | Crear | Trade Cart |
| 19:57 | Crear | Trade Cart |
| 20:16 | Construir | Farm |
| 20:47 | Crear | Trade Cart |
| 21:19 | Edad | Edad de los Castillos |
| 21:39 | Construir | University |
| 21:49 | Crear | Villager (Male) |
| 21:49 | Crear | Villager (Male) |
| 21:49 | Crear | Villager (Male) |
| 21:50 | Crear | Villager (Male) |
| 21:50 | Crear | Villager (Male) |
| 21:50 | Crear | Villager (Male) |
| 21:51 | Crear | Villager (Male) |
| 22:16 | Investigar | Caravan |
| 22:18 | Crear | Trade Cart |
| 22:18 | Crear | Trade Cart |
| 22:42 | Construir | Mill |
| 23:22 | Construir | Town Center |
| 23:52 | Construir | Farm |
| 23:52 | Construir | Farm |
| 23:52 | Construir | Farm |
| 23:52 | Construir | Farm |
| 23:53 | Construir | Farm |
| 23:53 | Construir | Farm |
| 23:53 | Construir | Farm |
| 23:58 | Crear | Villager (Male) |
| 23:58 | Crear | Villager (Male) |
| 24:13 | Crear | Villager (Male) |
| 24:36 | Construir | Farm |
| 24:46 | Crear | Villager (Male) |
| 24:47 | Investigar | Loom |
| 24:58 | Construir | Farm |
| 24:58 | Construir | Farm |
| 24:58 | Construir | Farm |
| 24:58 | Construir | Farm |
| 24:59 | Construir | Farm |
| 24:59 | Construir | Farm |
| 24:59 | Construir | Farm |
| 25:24 | Construir | Farm |
| 25:25 | Construir | Farm |
| 25:25 | Construir | Farm |
| 25:25 | Construir | Farm |
| 25:51 | Investigar | Man-at-Arms (upgrade) |
| 25:52 | Investigar | Squires |
| 25:58 | Crear | Militia |
| 25:58 | Crear | Militia |
| 25:58 | Crear | Militia |
| 25:59 | Crear | Militia |
| 25:59 | Crear | Militia |
| 25:59 | Crear | Militia |
| 26:00 | Crear | Militia |
| 26:00 | Crear | Militia |
| 26:00 | Crear | Militia |
| 26:00 | Crear | Militia |
| 26:27 | Construir | Siege Workshop |
| 26:43 | Construir | Castle |
| 27:05 | Construir | Monastery |
| 27:13 | Investigar | Wheelbarrow |
| 27:14 | Crear | Villager (Male) |
| 27:14 | Crear | Villager (Male) |
Build order — white guy
Primeras 150 de 718 acciones detectadas
| 0:02 | Crear | Villager (Male) |
| 0:02 | Crear | Villager (Male) |
| 0:04 | Construir | House |
| 0:05 | Construir | House |
| 0:26 | Crear | Villager (Male) |
| 0:26 | Crear | Villager (Male) |
| 1:36 | Crear | Villager (Male) |
| 1:53 | Crear | Villager (Male) |
| 2:19 | Investigar | Loom |
| 2:19 | Investigar | Loom |
| 2:26 | Crear | Villager (Male) |
| 2:28 | Investigar | Loom |
| 2:52 | Crear | Villager (Male) |
| 3:07 | Crear | Villager (Male) |
| 3:31 | Crear | Villager (Male) |
| 3:52 | Crear | Villager (Male) |
| 4:36 | Construir | House |
| 4:59 | Crear | Villager (Male) |
| 4:59 | Crear | Villager (Male) |
| 5:07 | Construir | House |
| 5:08 | Construir | House |
| 5:09 | Construir | House |
| 5:25 | Crear | Villager (Male) |
| 5:25 | Crear | Villager (Male) |
| 5:25 | Crear | Villager (Male) |
| 5:26 | Crear | Villager (Male) |
| 5:44 | Crear | Villager (Male) |
| 7:13 | Construir | Mining Camp |
| 7:24 | Crear | Villager (Male) ×5 |
| 8:05 | Construir | Lumber Camp |
| 9:06 | Construir | Mill |
| 9:11 | Construir | Mill |
| 9:14 | Investigar | Feudal Age |
| 10:31 | Construir | Mining Camp |
| 11:49 | Crear | Villager (Male) |
| 11:50 | Edad | Edad Feudal |
| 11:52 | Crear | Villager (Male) |
| 11:55 | Construir | Market |
| 11:56 | Construir | Blacksmith |
| 12:04 | Crear | Villager (Male) |
| 12:04 | Crear | Villager (Male) |
| 12:26 | Investigar | Horse Collar |
| 13:49 | Investigar | Castle Age |
| 15:12 | Investigar | Double-Bit Axe |
| 16:14 | Investigar | Wheelbarrow |
| 16:29 | Edad | Edad de los Castillos |
| 16:30 | Construir | Town Center |
| 16:39 | Investigar | Heavy Plow |
| 16:48 | Crear | Villager (Male) |
| 16:56 | Construir | House |
| 16:56 | Construir | House |
| 16:57 | Construir | House |
| 17:25 | Crear | Villager (Male) |
| 17:25 | Crear | Villager (Male) |
| 17:33 | Construir | Farm |
| 17:34 | Construir | Farm |
| 17:37 | Construir | Farm |
| 17:39 | Construir | Farm |
| 17:44 | Crear | Villager (Male) |
| 17:44 | Crear | Villager (Male) |
| 17:46 | Crear | Villager (Male) |
| 17:52 | Construir | Farm |
| 17:55 | Construir | Farm |
| 17:58 | Construir | Farm |
| 17:59 | Construir | Farm |
| 18:04 | Construir | Farm |
| 18:07 | Construir | Farm |
| 18:12 | Construir | Farm |
| 18:14 | Construir | Farm |
| 18:17 | Construir | Farm |
| 18:20 | Construir | Farm |
| 18:23 | Crear | Villager (Male) |
| 18:23 | Crear | Villager (Male) |
| 18:25 | Crear | Villager (Male) |
| 18:25 | Crear | Villager (Male) |
| 18:31 | Construir | House |
| 18:32 | Construir | House |
| 18:33 | Construir | House |
| 18:47 | Construir | Farm |
| 18:48 | Construir | Farm |
| 19:01 | Investigar | Bow Saw |
| 19:07 | Construir | Farm |
| 19:18 | Crear | Villager (Male) |
| 19:20 | Crear | Villager (Male) |
| 19:26 | Construir | House |
| 19:28 | Construir | Monastery |
| 19:31 | Crear | Villager (Male) |
| 19:59 | Crear | Villager (Male) |
| 19:59 | Crear | Villager (Male) |
| 20:01 | Crear | Villager (Male) |
| 20:08 | Construir | Farm |
| 20:18 | Crear | Villager (Male) |
| 20:19 | Crear | Villager (Male) |
| 20:23 | Construir | University |
| 20:28 | Investigar | Gold Mining |
| 20:28 | Investigar | Gold Mining |
| 20:41 | Investigar | Stone Mining |
| 20:51 | Crear | Villager (Male) |
| 20:52 | Crear | Villager (Male) |
| 21:00 | Construir | Farm |
| 21:16 | Construir | Town Center |
| 21:20 | Crear | Villager (Male) |
| 21:21 | Crear | Villager (Male) |
| 21:21 | Crear | Villager (Male) |
| 21:26 | Construir | House |
| 21:27 | Construir | House |
| 21:28 | Construir | House |
| 21:47 | Construir | Farm |
| 21:58 | Construir | Town Center |
| 22:03 | Crear | Villager (Male) |
| 22:03 | Crear | Villager (Male) |
| 22:03 | Crear | Villager (Male) |
| 22:04 | Crear | Villager (Male) |
| 22:10 | Crear | Monk |
| 22:32 | Investigar | Hand Cart |
| 22:39 | Construir | Farm |
| 22:47 | Construir | Farm |
| 22:50 | Crear | Villager (Male) |
| 22:50 | Crear | Villager (Male) |
| 22:54 | Crear | Villager (Male) |
| 22:55 | Crear | Villager (Male) |
| 22:55 | Crear | Villager (Male) |
| 23:30 | Crear | Villager (Male) |
| 23:30 | Crear | Villager (Male) |
| 23:39 | Construir | House |
| 23:42 | Construir | House |
| 23:43 | Construir | House |
| 23:49 | Crear | Villager (Male) |
| 23:50 | Crear | Villager (Male) |
| 23:50 | Crear | Villager (Male) |
| 23:50 | Crear | Villager (Male) |
| 23:50 | Crear | Villager (Male) |
| 23:50 | Crear | Villager (Male) |
| 23:51 | Crear | Villager (Male) |
| 23:51 | Crear | Villager (Male) |
| 24:09 | Construir | Farm |
| 24:14 | Construir | Farm |
| 24:20 | Construir | Farm |
| 24:22 | Crear | Villager (Male) |
| 24:22 | Crear | Villager (Male) |
| 24:22 | Crear | Villager (Male) |
| 24:40 | Crear | Villager (Male) |
| 24:40 | Crear | Villager (Male) |
| 24:41 | Crear | Villager (Male) |
| 24:41 | Crear | Villager (Male) |
| 24:41 | Crear | Villager (Male) |
| 24:43 | Crear | Villager (Male) |
| 24:43 | Crear | Villager (Male) |
| 24:43 | Crear | Villager (Male) |
| 24:55 | Construir | Barracks |
Build order — xluisfer9319
Primeras 150 de 427 acciones detectadas
| 0:04 | Construir | House |
| 0:06 | Investigar | Loom |
| 0:06 | Crear | Villager (Male) |
| 0:06 | Crear | Villager (Male) |
| 0:10 | Construir | House |
| 0:26 | Crear | Villager (Male) |
| 0:26 | Crear | Villager (Male) |
| 1:01 | Construir | Building 796 |
| 1:05 | Construir | Building 796 |
| 1:08 | Construir | Palisade Wall |
| 1:46 | Crear | Villager (Male) |
| 2:37 | Crear | Villager (Male) |
| 3:17 | Construir | House |
| 3:21 | Crear | Villager (Male) |
| 3:21 | Crear | Villager (Male) |
| 3:47 | Crear | Villager (Male) |
| 3:47 | Crear | Villager (Male) |
| 4:14 | Construir | Palisade Wall |
| 4:29 | Crear | Villager (Male) |
| 4:47 | Construir | Building 796 |
| 4:53 | Crear | Villager (Male) |
| 5:13 | Construir | Settlement |
| 5:25 | Crear | Villager (Male) |
| 5:25 | Crear | Villager (Male) |
| 6:04 | Crear | Villager (Male) |
| 6:41 | Crear | Villager (Male) |
| 7:09 | Crear | Villager (Male) |
| 7:40 | Crear | Villager (Male) |
| 7:40 | Crear | Villager (Male) |
| 8:19 | Crear | Villager (Male) |
| 8:58 | Construir | House |
| 9:20 | Construir | Settlement |
| 9:27 | Investigar | Feudal Age |
| 10:54 | Crear | Villager (Male) |
| 10:54 | Crear | Villager (Male) |
| 10:54 | Crear | Villager (Male) |
| 11:36 | Edad | Edad Feudal |
| 12:00 | Construir | Farm |
| 12:00 | Construir | Farm |
| 12:01 | Construir | Farm |
| 12:31 | Construir | Building 490 |
| 12:44 | Construir | Watch Tower |
| 13:00 | Construir | Watch Tower |
| 13:05 | Construir | Stone Wall |
| 13:09 | Construir | Stone Wall |
| 13:13 | Crear | Villager (Male) |
| 13:13 | Crear | Villager (Male) |
| 13:13 | Crear | Villager (Male) |
| 13:23 | Investigar | Horse Collar |
| 13:26 | Investigar | Double-Bit Axe |
| 13:34 | Construir | Farm |
| 13:35 | Construir | Farm |
| 13:35 | Construir | Farm |
| 13:38 | Construir | Farm |
| 13:54 | Crear | Villager (Male) |
| 13:54 | Crear | Villager (Male) |
| 14:26 | Construir | Blacksmith |
| 15:16 | Construir | Barracks |
| 15:42 | Construir | Market |
| 15:56 | Investigar | Wheelbarrow |
| 16:11 | Construir | House |
| 16:13 | Construir | House |
| 16:16 | Construir | House |
| 16:17 | Construir | House |
| 17:03 | Construir | House |
| 17:04 | Construir | House |
| 17:05 | Construir | House |
| 17:05 | Construir | House |
| 17:11 | Investigar | Castle Age |
| 17:13 | Crear | Villager (Male) |
| 17:13 | Crear | Villager (Male) |
| 18:14 | Construir | Barracks |
| 18:49 | Construir | Farm |
| 18:49 | Construir | Farm |
| 18:50 | Construir | Farm |
| 18:51 | Construir | Farm |
| 19:02 | Investigar | Gold Mining |
| 19:51 | Edad | Edad de los Castillos |
| 19:59 | Construir | Settlement |
| 20:07 | Crear | Unit 2586 |
| 20:07 | Crear | Unit 2586 |
| 20:07 | Crear | Unit 2586 |
| 20:08 | Crear | Unit 2586 |
| 20:21 | Construir | Siege Workshop |
| 20:41 | Crear | Unit 2586 |
| 20:41 | Crear | Unit 2586 |
| 21:00 | Crear | Villager (Male) |
| 21:00 | Crear | Villager (Male) |
| 21:20 | Construir | Monastery |
| 21:29 | Crear | Battering Ram |
| 21:44 | Crear | Unit 2586 |
| 21:44 | Crear | Unit 2586 |
| 21:55 | Crear | Battering Ram |
| 22:01 | Crear | Monk |
| 22:04 | Crear | Monk |
| 22:18 | Crear | Villager (Male) |
| 22:18 | Crear | Villager (Male) |
| 22:19 | Crear | Villager (Male) |
| 22:46 | Crear | Villager (Male) |
| 22:47 | Crear | Villager (Male) |
| 22:57 | Crear | Unit 2586 |
| 23:17 | Crear | Unit 2586 |
| 23:53 | Construir | Farm |
| 24:51 | Crear | Unit 2586 |
| 24:51 | Crear | Unit 2586 |
| 24:51 | Crear | Unit 2586 |
| 24:55 | Crear | Battering Ram |
| 24:55 | Crear | Battering Ram |
| 27:34 | Crear | Unit 2586 |
| 27:34 | Crear | Unit 2586 |
| 27:34 | Crear | Unit 2586 |
| 27:34 | Crear | Unit 2586 |
| 27:39 | Crear | Battering Ram |
| 27:39 | Crear | Battering Ram |
| 28:51 | Crear | Villager (Male) |
| 28:52 | Crear | Villager (Male) |
| 28:52 | Crear | Villager (Male) |
| 28:52 | Crear | Villager (Male) |
| 29:53 | Construir | Farm |
| 29:54 | Construir | Farm |
| 29:54 | Construir | Farm |
| 29:55 | Construir | Farm |
| 29:56 | Construir | Farm |
| 29:56 | Construir | Farm |
| 29:57 | Construir | Farm |
| 29:58 | Construir | Farm |
| 30:33 | Investigar | Imperial Age |
| 30:55 | Investigar | Forging |
| 31:25 | Investigar | Squires |
| 32:59 | Crear | Monk |
| 33:15 | Crear | Villager (Male) |
| 33:15 | Crear | Villager (Male) |
| 33:16 | Crear | Villager (Male) |
| 33:16 | Crear | Villager (Male) |
| 33:28 | Construir | Town Center |
| 33:43 | Edad | Edad Imperial |
| 34:04 | Crear | Villager (Male) |
| 34:05 | Crear | Villager (Male) |
| 34:05 | Crear | Villager (Male) |
| 34:05 | Crear | Villager (Male) |
| 34:18 | Investigar | Tech 1401 |
| 35:35 | Crear | Unit 2586 |
| 35:35 | Crear | Unit 2586 |
| 35:36 | Crear | Unit 2586 |
| 35:36 | Crear | Unit 2586 |
| 35:36 | Crear | Unit 2586 |
| 35:36 | Crear | Unit 2586 |
| 35:37 | Crear | Unit 2586 |
| 35:37 | Crear | Unit 2586 |
| 35:37 | Crear | Unit 2586 |
Build order — Wondermaker
127 acciones detectadas en el replay
| 0:15 | Construir | House |
| 0:18 | Crear | Villager (Male) |
| 0:19 | Investigar | Loom |
| 0:19 | Crear | Villager (Male) |
| 0:19 | Crear | Villager (Male) |
| 0:20 | Crear | Villager (Male) |
| 0:20 | Crear | Villager (Male) |
| 2:31 | Construir | House |
| 2:34 | Construir | House |
| 2:37 | Construir | House |
| 2:41 | Construir | House |
| 2:53 | Crear | Villager (Male) |
| 2:54 | Crear | Villager (Male) |
| 3:46 | Crear | Villager (Male) |
| 3:47 | Crear | Villager (Male) |
| 3:47 | Crear | Villager (Male) |
| 4:00 | Construir | Lumber Camp |
| 4:57 | Crear | Villager (Male) |
| 4:57 | Crear | Villager (Male) |
| 4:57 | Crear | Villager (Male) |
| 4:57 | Crear | Villager (Male) |
| 4:58 | Crear | Villager (Male) |
| 5:16 | Crear | Villager (Male) |
| 5:16 | Crear | Villager (Male) |
| 5:45 | Crear | Villager (Male) |
| 5:46 | Crear | Villager (Male) |
| 5:46 | Crear | Villager (Male) |
| 7:38 | Construir | Barracks |
| 9:25 | Investigar | Feudal Age |
| 9:49 | Construir | Mining Camp |
| 10:02 | Construir | Mining Camp |
| 10:43 | Construir | Mill |
| 11:20 | Construir | Farm |
| 11:23 | Construir | Farm |
| 11:27 | Construir | Farm |
| 11:33 | Construir | Farm |
| 11:35 | Edad | Edad Feudal |
| 11:41 | Investigar | Wheelbarrow |
| 11:41 | Crear | Villager (Male) |
| 11:41 | Crear | Villager (Male) |
| 11:42 | Crear | Villager (Male) |
| 11:52 | Construir | Farm |
| 12:12 | Crear | Spearman |
| 12:12 | Crear | Spearman |
| 13:22 | Investigar | Double-Bit Axe |
| 13:37 | Crear | Villager (Male) |
| 13:51 | Construir | Farm |
| 14:16 | Construir | Farm |
| 14:19 | Crear | Villager (Male) |
| 14:19 | Crear | Villager (Male) |
| 14:52 | Construir | Farm |
| 14:56 | Crear | Villager (Male) |
| 14:56 | Crear | Villager (Male) |
| 15:04 | Crear | Villager (Male) |
| 15:12 | Construir | Archery Range |
| 15:39 | Investigar | Horse Collar |
| 16:08 | Crear | Archer |
| 16:08 | Crear | Archer |
| 16:09 | Crear | Archer |
| 16:09 | Crear | Archer |
| 16:15 | Crear | Villager (Male) |
| 16:15 | Crear | Villager (Male) |
| 16:15 | Crear | Villager (Male) |
| 16:39 | Crear | Villager (Male) |
| 16:39 | Crear | Villager (Male) |
| 17:12 | Construir | House |
| 17:40 | Construir | Farm |
| 17:48 | Construir | House |
| 18:01 | Crear | Villager (Male) |
| 18:02 | Crear | Villager (Male) |
| 18:14 | Construir | Farm |
| 18:18 | Investigar | Gold Mining |
| 18:29 | Construir | Market |
| 18:41 | Construir | Farm |
| 18:52 | Crear | Villager (Male) |
| 18:55 | Crear | Villager (Male) |
| 19:03 | Construir | Farm |
| 20:24 | Construir | Stone Wall |
| 21:09 | Investigar | Castle Age |
| 21:34 | Construir | Building 796 |
| 23:08 | Construir | Blacksmith |
| 23:24 | Crear | Villager (Male) |
| 23:24 | Crear | Villager (Male) |
| 23:24 | Crear | Villager (Male) |
| 23:24 | Crear | Villager (Male) |
| 23:26 | Crear | Villager (Male) |
| 23:26 | Crear | Villager (Male) |
| 23:26 | Crear | Villager (Male) |
| 23:27 | Crear | Villager (Male) |
| 23:49 | Edad | Edad de los Castillos |
| 23:54 | Construir | Castle |
| 24:08 | Crear | Spearman |
| 24:09 | Crear | Spearman |
| 24:09 | Crear | Spearman |
| 24:32 | Crear | Archer |
| 24:32 | Crear | Archer |
| 24:32 | Crear | Archer |
| 24:37 | Investigar | Pikeman (upgrade) |
| 24:37 | Investigar | Pikeman (upgrade) |
| 25:42 | Crear | Longbowman |
| 25:42 | Crear | Longbowman |
| 25:42 | Crear | Longbowman |
| 25:43 | Crear | Longbowman |
| 26:15 | Crear | Spearman |
| 26:15 | Crear | Spearman |
| 26:15 | Crear | Spearman |
| 26:15 | Crear | Spearman |
| 26:16 | Crear | Spearman |
| 26:16 | Crear | Spearman |
| 28:18 | Crear | Spearman |
| 28:18 | Crear | Spearman |
| 28:18 | Crear | Spearman |
| 28:18 | Crear | Spearman |
| 28:19 | Crear | Spearman |
| 29:56 | Crear | Spearman |
| 29:56 | Crear | Spearman |
| 31:17 | Construir | Lumber Camp |
| 33:27 | Construir | Market |
| 35:07 | Construir | Lumber Camp |
| 36:22 | Construir | Market |
| 56:43 | Construir | Town Center |
| 63:57 | Construir | Mill |
| 66:13 | Crear | Villager (Male) |
| 69:03 | Crear | Villager (Male) |
| 69:04 | Crear | Villager (Male) |
| 69:39 | Crear | Villager (Male) |
| 69:39 | Crear | Villager (Male) |
Cronología de la partida
| 0:33 | TackierMold36 · wall_segment Palisade Wall x13 |
| 1:08 | xluisfer9319 · wall_segment Palisade Wall x1 |
| 1:52 | L Y N C H E S · wall_segment Palisade Wall x9 |
| 4:14 | xluisfer9319 · wall_segment Palisade Wall x14 |
| 7:38 | Wondermaker · first_building Barracks |
| 10:57 | TackierMold36 · age_up feudal |
| 11:35 | Wondermaker · age_up feudal |
| 11:36 | xluisfer9319 · age_up feudal |
| 11:50 | white guy · age_up feudal |
| 12:03 | paluncic · age_up feudal |
| 12:13 | L Y N C H E S · first_building Barracks |
| 12:30 | L Y N C H E S · age_up feudal |
| 12:35 | TackierMold36 · wall_segment Stone Wall x13 |
| 12:48 | L Y N C H E S · wall_segment Stone Wall x15 |
| 13:05 | xluisfer9319 · wall_segment Stone Wall x1 |
| 13:09 | xluisfer9319 · wall_segment Stone Wall x6 |
| 15:12 | Wondermaker · first_building Archery Range |
| 15:16 | xluisfer9319 · first_building Barracks |
| 16:29 | white guy · age_up castle |
| 17:41 | paluncic · first_building Barracks |
| 19:28 | white guy · first_building Monastery |
| 19:51 | xluisfer9319 · age_up castle |
| 20:21 | xluisfer9319 · first_building Siege Workshop |
| 20:24 | Wondermaker · wall_segment Stone Wall x16 |
| 20:30 | TackierMold36 · age_up castle |
| 20:38 | Wondermaker · first_market_buy 100 food |
| 20:58 | Wondermaker · first_market_sell 100 wood |
| 21:19 | paluncic · age_up castle |
| 21:20 | xluisfer9319 · first_building Monastery |
| 21:34 | TackierMold36 · first_building Monastery |
| 21:51 | L Y N C H E S · age_up castle |
| 22:06 | L Y N C H E S · first_market_buy 100 stone |
| 22:38 | L Y N C H E S · wall_segment Stone Wall x15 |
| 23:31 | TackierMold36 · first_building Castle |
| 23:49 | Wondermaker · age_up castle |
| 23:54 | Wondermaker · first_building Castle |
| 24:46 | TackierMold36 · first_building Barracks |
| 24:54 | L Y N C H E S · wall_segment Stone Wall x15 |
| 24:55 | white guy · first_building Barracks |
| 25:44 | L Y N C H E S · first_building Monastery |
| 26:27 | paluncic · first_building Siege Workshop |
| 26:31 | white guy · wall_segment Stone Wall x12 |
| 26:32 | TackierMold36 · first_building Archery Range |
| 26:43 | paluncic · first_building Castle |
| 26:49 | white guy · first_building Stable |
| 26:52 | white guy · first_building Siege Workshop |
| 27:05 | paluncic · first_building Monastery |
| 27:15 | L Y N C H E S · first_building Stable |
| 27:43 | TackierMold36 · first_building Stable |
| 29:35 | TackierMold36 · age_up imperial |
| 29:41 | white guy · first_building Castle |
| 29:42 | L Y N C H E S · first_building Castle |
| 30:20 | white guy · age_up imperial |
| 33:43 | xluisfer9319 · age_up imperial |
| 35:41 | Wondermaker · tribute_sent a jugador 1 |
| 35:41 | Wondermaker · tribute_sent a jugador 2 |
| 35:41 | Wondermaker · tribute_sent a jugador 3 |
| 35:41 | Wondermaker · tribute_sent a jugador 4 |
| 35:42 | Wondermaker · tribute_sent a jugador 6 |
| 37:00 | white guy · first_market_sell 100 wood |
| 37:04 | xluisfer9319 · first_building Castle |
| 38:14 | xluisfer9319 · wall_segment Stone Wall x1 |
| 38:14 | xluisfer9319 · wall_segment Stone Wall x1 |
| 38:15 | xluisfer9319 · wall_segment Stone Wall x1 |
| 38:15 | xluisfer9319 · wall_segment Stone Wall x1 |
| 38:18 | xluisfer9319 · wall_segment Stone Wall x1 |
| 38:29 | L Y N C H E S · age_up imperial |
| 38:48 | paluncic · tribute_sent a jugador 1 |
| 38:48 | paluncic · tribute_sent a jugador 3 |
| 38:48 | paluncic · tribute_sent a jugador 4 |
| 38:48 | paluncic · tribute_sent a jugador 5 |
| 38:48 | paluncic · tribute_sent a jugador 6 |
| 43:14 | paluncic · age_up imperial |
| 44:03 | L Y N C H E S · first_market_sell 100 wood |
| 46:24 | white guy · first_building Archery Range |
| 57:18 | L Y N C H E S · resign |
| 60:04 | xluisfer9319 · first_market_buy 100 wood |
| 61:31 | TackierMold36 · first_building Siege Workshop |
| 61:37 | white guy · wall_segment Stone Wall x8 |
| 62:56 | paluncic · wall_segment Stone Wall x1 |
| 63:02 | xluisfer9319 · wall_segment Stone Wall x1 |
| 63:07 | xluisfer9319 · wall_segment Stone Wall x1 |
| 64:17 | white guy · wall_segment Stone Wall x9 |
| 64:20 | xluisfer9319 · first_market_sell 100 stone |
| 66:34 | xluisfer9319 · wall_segment Stone Wall x4 |
[ ANÁLISIS IA · 1 CRÉDITO ]
¿Qué pasó realmente en esta partida?
Wolo.gg analiza cada decisión: build order, eco, micro, errores típicos por bracket. Análisis personalizado por WhatsApp o Discord en 30 segundos.
Guía civ
Mongoles
Guía mapa
Black Forest
Perfil
TackierMold36